 Dungeon Crawl Stone Soup version 0.31-a0-185-g9dded2c639 (webtiles) character file.

Game seed: 14040063842684188971

102 qw the Shooter (level 4, -7/25 HPs)
             Began as a Deep Elf Hunter on June 22, 2023.
             Mangled by an orc wizard
             ... wielding a +4 dagger
              (8 damage)
             ... on level 2 of the Dungeon.
             The game lasted 00:00:44 (2038 turns).

qw the Shooter (Deep Elf Hunter)                    Turns: 2038, Time: 00:00:44

Health: -7/25      AC:  7    Str: 10    XL:     4   Next: 50%
Magic:  6/6        EV: 11    Int: 14    God:
Gold:   91         SH:  0    Dex: 18    Spells: 3/3 levels left

rFire   . . .        Y - +0 shortbow
rCold   . . .        (shield currently unavailable)
rNeg    . . .        k - +0 ring mail
rPois   .            (no helmet)
rElec   .            d - +0 cloak
rCorr   .            (no gloves)
SInv    .            m - +0 pair of boots
Will    .....        (no amulet)
Stlth   +            (no ring)
HPRegen 0.24/turn    (no ring)
MPRegen 0.10/turn

%: no passive effects
@: no status effects
A: no striking features
a: no special abilities


You were on level 2 of the Dungeon.
You visited 1 branch of the dungeon, and saw 3 of its levels.

You collected 91 gold pieces.


   Skills:
 - Level 1.5 Fighting
 + Level 7.9 Ranged Weapons
 - Level 2.4 Dodging
 - Level 1.2 Stealth


You had 3 spell levels left.
You didn't know any spells.
Your spell library was empty.

Inventory:

Hand Weapons
 Y - a +0 shortbow (weapon)
Armour
 d - a +0 cloak (worn)
 k - a +0 ring mail (worn)
 m - a +0 pair of boots (worn)
Scrolls
 n - a scroll of identify
Potions
 b - a potion of enlightenment {unknown}
 e - a potion of heal wounds
 f - a potion of might {unknown}
 l - a potion of resistance {unknown}

Dungeon Overview and Level Annotations

Branches:
Dungeon (3/15)

Altars:
Qazlal


Message History

You hear a shout!
You shoot an arrow. The arrow hits the orc.
The orc is heavily wounded.
An orc comes into view. It is wielding a +0 dagger.
Something hits you.
An orc comes into view. It is wielding a +0 hand axe.
The orc wizard gestures wildly while chanting.
The orc wizard flickers and vanishes!
Something hits you but does no damage.
2031 ||| STAIRDANCE The orc misses you.
You hear some strange, mumbled words.
A puff of flame appears from out of thin air!
The puff of flame hits you.
You climb upwards.
Reactivating autopickup.
There is a stone staircase leading down here.
You shoot an arrow. The arrow hits the orc!
You kill the orc!
Something hits you.
Deactivating autopickup; reactivate with Ctrl-A.
Autopickup is now on.
You start resting.
Something hits you.
Deactivating autopickup; reactivate with Ctrl-A.
Autopickup is now on.
You start resting.
Something hits you.
Deactivating autopickup; reactivate with Ctrl-A.
Autopickup is now on.
You start resting.
Something hits you.
Deactivating autopickup; reactivate with Ctrl-A.
Autopickup is now on.
You start resting.
Something hits you.
Deactivating autopickup; reactivate with Ctrl-A.
Autopickup is now on.
You start resting.
Something hits you!
You die...

######## ##......##
##.<......## #..........#
### ####### #..........#
#.. #.....# #.....@....#
##.. ....#.##
#..?...)>..#########...
.......#
#..........#...........
._.....#
##..................###
.......#
###........#....###.##
.......###...............#
#.#
.......................###
#.#
.#.....#..#..........###
#.##
##........)..........#
#..##


There were no monsters in sight!

Vanquished Creatures
  4 adders
  A worm (D:2)
  A dart slug (D:1)
  An orc (D:2)
  5 bats
  7 endoplasms
  A giant cockroach (D:1)
  11 goblins
  3 hobgoblins
  6 jackals
  A quokka (D:2)
  4 ball pythons
  5 frilled lizards
  2 kobolds (D:2)
  5 rats (D:2)
57 creatures vanquished.

Notes
Turn   | Place    | Note
-------+----------+-------------------------------------------
     0 | D:1      | qw the Deep Elf Hunter began the quest for the Orb.
     0 | D:1      | Reached XP level 1. HP: 12/12 MP: 3/3
     0 | D:1      | 0 ||| qw: Version: 0.3-a-9-g12657ce
     0 | D:1      | 0 ||| qw: Game counter: 1736
     0 | D:1      | 0 ||| qw: Always use a shield: true
     0 | D:1      | 0 ||| qw: God list: Okawaru
     0 | D:1      | 0 ||| qw: Allow faded altars: false
     0 | D:1      | 0 ||| qw: Do Orc after D:15 true
     0 | D:1      | 0 ||| qw: Do second Lair branch before Depths: true
     0 | D:1      | 0 ||| qw: Lair rune preference: random
     0 | D:1      | 0 ||| qw: Plans: Normal
     0 | D:1      | 0 ||| PLANNING D:1-11
   245 | D:1      | Reached skill level 6 in Ranged Weapons
   245 | D:1      | Reached XP level 2. HP: 16/16 MP: 4/4
   343 | D:1      | Found a faded altar of an unknown god.
  1034 | D:1      | 1034 ||| UPGRADING to +0 cloak.
  1039 | D:1      | 1039 ||| READING scroll labelled VENUXI KEOSUTO.
  1070 | D:1      | 1070 ||| READING 2 scrolls labelled DOEVVY PUIMP.
  1071 | D:1      | 1071 ||| READING scroll labelled FUAPHI HUSHEU.
  1072 | D:1      | 1072 ||| DROPPING scroll of butterflies.
  1073 | D:1      | 1073 ||| DROPPING scroll of blinking.
  1123 | D:2      | Found a stormy altar of Qazlal.
  1132 | D:2      | 1132 ||| STAIRDANCE
  1140 | D:1      | Reached XP level 3. HP: 9/20 MP: 5/5
  1273 | D:2      | Reached skill level 7 in Ranged Weapons
  1348 | D:2      | Reached XP level 4. HP: 25/25 MP: 6/6
  1930 | D:2      | 1930 ||| UPGRADING to +0 ring mail.
  1940 | D:2      | 1940 ||| DROPPING +0 leather armour.
  1941 | D:2      | 1941 ||| UPGRADING to +0 pair of boots.
  1946 | D:2      | 1946 ||| READING scroll labelled QAED DETIJAURCHUEGI.
  1947 | D:2      | 1947 ||| READING scroll labelled REFOCL BAETHRE.
  1948 | D:2      | 1948 ||| READING scroll labelled PIFRIL UVYZI.
  1949 | D:2      | 1949 ||| READING 2 scrolls labelled FYN MOSUSURPH.
  1950 | D:2      | 1950 ||| DRINKING 2 bubbling red potions.
  1951 | D:2      | 1951 ||| DRINKING 2 purple potions.
  1979 | D:2      | 1979 ||| DROPPING potion of lignification.
  1980 | D:2      | 1980 ||| DROPPING scroll of fog.
  1987 | D:3      | 1987 ||| STAIRDANCE
  2031 | D:3      | 2031 ||| STAIRDANCE
  2035 | D:2      | HP: 6/25 [something (4)]
  2036 | D:2      | HP: 2/25 [something (4)]
  2038 | D:2      | Mangled by an orc wizard

Levels and vault maps discovered:
D:1:      lemuel_arrival_cross, layout_basic,
          hellmonk_ecumenical_altar_dog_temple
D:2:      minmay_diamond_boxcup, layout_rooms, basic_altar, st_stairs_10,
          hangedman_decor_push, grunt_decor_arrowhead, hangedman_decor_riveting
D:3:      layout_loops_ring, grunt_gozag_breadcrumbs,
          grunt_dithmenos_smoke_and_mirrors, nicolae_yredelemnul_corpse_copse,
          nicolae_overflow_crystal_walls, cheibrodos_gnoll_hut

Skill      XL: |  1  2  3 |
---------------+----------+-----
Ranged Weapons | 6 7 |  7.9
Fighting       | |  1.5
Dodging        | |  2.4
Stealth        | |  1.2

Action                     |  1- 3 |  4- 6 || total
---------------------------+-------+-------++-------
   Fire: Shortbow          |    97 |    58 ||   155
    Use: Scroll            |     3 |     4 ||     7
         Potion            |       |     2 ||     2
 Armour: Leather armour    |     4 |     6 ||    10
         Ring mail         |       |     1 ||     1
  Dodge: Dodged            |    20 |    14 ||    34

Table legend:
 A = Non-vault XP
 B = Vault XP
 C = Vault XP percentage of total XP
 D = Non-vault monster count
 E = Vault monster count
 F = Vault count percentage of total count
                 A         B        C        D         E       F
            +---------+---------+-------+---------+---------+-------
      Total |     110 |      37 |  25.2 |      42 |      15 |  26.3
            +---------+---------+-------+---------+---------+-------
        D:1 |      41 |       6 |  12.8 |      16 |       3 |  15.8
        D:2 |      69 |      31 |  31.0 |      26 |      12 |  31.6
            +---------+---------+-------+---------+---------+-------
